Map: Ascension to Aiur LE

Players

Winthrowe - Winner!

  • Race: Protoss Protoss
  • League: Silver
  • Spawn Location: 11:00

huancha

  • Race: Protoss Protoss
  • Spawn Location: 5:00

VOD

Have the link to the VOD?

Description

Time

  • Played on: Aug. 18, 2017, 8:25 p.m.
  • Length: 12:30
Show
View Real Time Build Order
Export as new Build Order

Winthrowe Protoss - Winner!

Build Orders:  

Get SALT Encoding   

  12  0:02  Probe (Chrono Boost)  
  13  0:13  Probe (Chrono Boost)  
  14  0:23  Probe (Chrono Boost)  
  14  0:25  Pylon  
  15  0:36  Assimilator  
  15  0:44  Probe (Chrono Boost)  
  15  0:48  Pylon  
  16  0:54  Pylon  
  16  0:57  Assimilator  
  16  0:59  Probe (Chrono Boost)  
  17  1:16  Gateway  
  17  1:29  Forge  
  17  2:05  Nexus  
  17  2:06  Probe (Chrono Boost)  
  18  2:17  Probe (Chrono Boost)  
  18  2:19  Assimilator  
  19  2:23  Assimilator  
  19  2:27  Probe (Chrono Boost)  
  20  2:38  Probe (Chrono Boost)  
  21  2:44  Cybernetics Core  
  21  2:59  Protoss Shields Level 1  
  21  3:16  Probe (Chrono Boost)  
  21  3:17  Probe (Chrono Boost)  
  23  3:27  Probe x2 (Chrono Boost)  
  25  3:37  Probe (Chrono Boost)  
  25  3:38  Probe (Chrono Boost)  
  27  3:42  Stargate  
  27  3:46  Stargate  
  27  3:48  Probe x2 (Chrono Boost)  
  29  4:03  Probe (Chrono Boost)  
  29  4:04  Probe (Chrono Boost)  
  31  4:14  Probe x2 (Chrono Boost)  
  33  4:24  Probe (Chrono Boost)  
  33  4:25  Probe (Chrono Boost)  
  35  4:35  Probe x2 (Chrono Boost)  
  38  4:45  Probe (Chrono Boost)  
  38  4:46  Probe (Chrono Boost)  
  39  4:53  Protoss Ground Armor Level 1  
  39  4:55  Fleet Beacon  
  39  4:56  Probe x2 (Chrono Boost)  
  41  5:00  Warp Gate  
  41  5:06  Probe (Chrono Boost)  
  42  5:07  Probe (Chrono Boost)  
  42  5:11  Phoenix  
  42  5:14  Phoenix  
  47  5:47  Nexus  
  47  5:50  Assimilator  
  47  5:54  Assimilator  
  47  6:00  Carrier  
  53  6:10  Pylon  
  53  6:13  Pylon  
  53  6:18  Pylon  
  53  6:22  Pylon  
  53  6:27  Carrier  
  59  6:48  Protoss Ground Weapons Level 1  
  59  6:53  Probe (Chrono Boost)  
  61  6:54  Protoss Air Weapons Level 1, Probe (Chrono Boost)  
  61  7:04  Probe x2 (Chrono Boost)  
  63  7:14  Probe (Chrono Boost)  
  63  7:15  Probe (Chrono Boost)  
  65  7:18  Pylon  
  65  7:22  Pylon  
  65  7:25  Pylon, Probe x2 (Chrono Boost)  
  65  7:26  Void Ray  
  65  7:28  Pylon  
  71  7:31  Pylon  
  71  7:35  Probe (Chrono Boost)  
  71  7:36  Pylon, Probe (Chrono Boost)  
  73  7:53  Void Ray  
  77  8:08  Carrier  
  83  8:15  Mothership Core (Chrono Boost)  
  85  8:36  Carrier  
  91  8:48  Protoss Air Armor Level 1  
  91  8:53  Gateway  
  91  8:54  Gateway  
  91  8:56  Gateway  
  91  8:58  Gateway  
  91  8:59  Gateway  
  91  9:00  Gateway  
  91  9:01  Gateway  
  91  9:03  Gateway  
  91  9:05  Gateway  
  91  9:07  Forge  
  91  9:11  Twilight Council  
  91  9:18  Robotics Facility  
  91  9:23  Anion Pulse-Crystals  
  91  9:34  Phoenix  
  93  9:56  Nexus  
  93  9:59  Phoenix (Chrono Boost)  
  95  10:02  Phoenix (Chrono Boost)  
  97  10:19  Warp Prism  
  99  10:22  Phoenix (Chrono Boost)  
  99  10:25  Carrier (Chrono Boost)  
  99  10:27  Graviton Catapult  
  107  10:56  Observer  
  108  11:17  Observer  
  115  11:38  Zealot x2  
  115  11:39  Phoenix (Chrono Boost), Zealot x5  
  131  11:40  Zealot x3  
  137  12:00  Phoenix (Chrono Boost)  
  139  12:12  Zealot x3  
  139  12:13  Zealot x4  
  139  12:14  Zealot x3  
Show
View Real Time Build Order
Export as new Build Order

huancha Protoss 

Build Orders:  

Get SALT Encoding   

  12  0:06  Probe (Chrono Boost)  
  13  0:23  Probe (Chrono Boost)  
  14  0:34  Probe (Chrono Boost)  
Tags
 
League
Silver
Matchup
PvP
Spawn Locations
Cross Positions
Add a new tag
Caveats
  • Supply blocks, unpowered buildings, or Contaminate may cause inaccurate times.
  • Supply counts are checked every 10 seconds.